 Dungeon Crawl Stone Soup version 0.26.1-10-gdfb7c7de75 (webtiles) character file.

Game seed: 2322317188190993305

42 manyhoops the Firebug (level 3, 0/21 HPs)
             Began as an Octopode Fire Elementalist on Mar 31, 2021.
             Slain by a quokka (4 damage)
             ... on level 2 of the Dungeon.
             The game lasted 00:01:05 (1461 turns).

manyhoops the Firebug (Octopode Fire Elementalist)  Turns: 1461, Time: 00:01:05

Health: 0/21       AC:  1    Str:  7    XL:     3   Next: 56%
Magic:  4/6        EV: 13    Int: 18    God:
Gold:   93         SH:  0    Dex: 12    Spells: 5/6 levels left

rFire    . . .     SeeInvis .     - Unarmed
rCold    . . .     Faith    .   (no shield)
rNeg     . . .     Spirit   .   (helmet restricted)
rPois    .         Reflect  .   (no amulet)
rElec    .         Harm     .   (no ring)
rCorr    .         Rampage  .   (no ring)
Will     .....                  (no ring)
Stlth    +++.......             (no ring)
HPRegen  0.07/turn              (no ring)
MPRegen  0.10/turn              (no ring)
                                (no ring)
                                (no ring)

@: very slightly contaminated
A: almost no armour, stealthy swim, amphibious, 8 rings, constrict 8, camouflage
1, gelatinous body 1
a: no special abilities


You were on level 2 of the Dungeon.
You visited 1 branch of the dungeon, and saw 2 of its levels.

You collected 93 gold pieces.

Inventory:

Scrolls
 a - a scroll of remove curse {unknown}
 b - 2 scrolls of teleportation {unknown}
 e - a scroll of fear {unknown}
 g - a scroll of enchant armour {unknown}
 h - a scroll of amnesia {unknown}
 i - a scroll of identify {unknown}
Potions
 c - 2 potions of mutation {unknown}
 d - a potion of curing
 f - a potion of might {unknown}


   Skills:
 + Level 2.1 Dodging
 + Level 3.3 Stealth
 + Level 1.1 Unarmed Combat
 + Level 2.2 Spellcasting
 + Level 1.0 Conjurations
 + Level 3.6 Fire Magic


You had 5 spell levels left.
You knew the following spells:

 Your Spells              Type           Power        Failure   Level
a - Foxfire               Conj/Fire      40%          7%          1

Your spell library contained the following spells:

 Spells                   Type           Power        Failure   Level
 Conjure Flame            Conj/Fire      10%          21%         3
 Inner Flame              Hex/Fire       8%           26%         3
 Sticky Flame             Conj/Fire      10%          54%         4
 Fireball                 Conj/Fire      5%           88%         5


Dungeon Overview and Level Annotations

Branches:
Dungeon (2/15)

Altars:


Innate Abilities, Weirdness & Mutations

You cannot wear most types of armour.
You are very stealthy in the water. (Stealth+)
You are amphibious.
You can wear up to eight rings at the same time.
You can use your tentacles to constrict eight enemies at once.
Your skin changes colour to match your surroundings (Stealth+).
Your rubbery body absorbs attacks. (AC +1, EV +1)


Message History

Unknown command.
Casting: Foxfire (safe; 7% risk of failure)
Confirm with . or Enter, or press ? or * to list all spells.
You conjure some foxfire!
The jackal closely misses you.
The jackal bites you but does no damage. x2
The jackal misses you. The jackal closely misses you.
Unknown command.
Casting: Foxfire (safe; 7% risk of failure)
Confirm with . or Enter, or press ? or * to list all spells.
You miscast Foxfire.
You are very lightly contaminated with residual magic.
Nothing appears to happen.
The foxfire hits the jackal.
You kill the jackal!
The foxfire hits the jackal.
The jackal is almost dead.
The jackal bites you. The jackal misses you. The jackal bites you. x2
* * * LOW HITPOINT WARNING * * *
The quokka barely misses you. The jackal closely misses you.
The quokka bites you.
You die...

.....# #.#
.....# .. #.#
..#### ... #.#
..#
...###########
## #.# ....
.............
># #.# ..###
..........#
#.# #.# ..#
....r...# #.#
#.# ..#
#.hr..# #.#
#.# ..###
#hh@..####.#
#.# .....
#..ยง..+....#
#.# ..####
#.>...###..#
#.# ......
#...#......#
#.# ..##
+.#.#.####.#
#.# .##
#.#.#.#....#
#.# .#
..#.#.#.##.#
#.# .#
##.#.#.#.####
#.# .# #.#.#.#
#.#


You could see a quokka, 3 jackals and a rat.

Vanquished Creatures
  An ooze (D:2)
  2 dart slugs (D:1)
  A leopard gecko (D:2)
  3 bats
  2 giant cockroaches
  6 goblins (D:1)
  5 hobgoblins
  2 jackals (D:2)
  A ball python (D:1)
  A frilled lizard (D:1)
  4 kobolds
  2 rats
30 creatures vanquished.

Vanquished Creatures (others)
  11 foxfires
11 creatures vanquished.

Grand Total: 41 creatures vanquished

Notes
Turn   | Place    | Note
-------+----------+-------------------------------------------
     0 | D:1      | manyhoops the Octopode Fire Elementalist began the quest
                  | for the Orb.
     0 | D:1      | Reached XP level 1. HP: 11/11 MP: 3/3
   277 | D:1      | Reached XP level 2. HP: 12/17 MP: 5/5
   930 | D:1      | Reached XP level 3. HP: 19/21 MP: 6/6
  1275 | D:2      | Reached skill level 1 in Unarmed Combat
  1461 | D:2      | Slain by a quokka

Illustrated notes

Levels and vault maps discovered:
D:1:      dpeg_arrival_houses_and_road, layout_basic, due_unseen_surprise
D:2:      layout_basic, elyvilon_altar_4, minmay_misc_feat_square,
          minmay_misc_feat_encased, uniq_jessica

Skill      XL: |  1  2  3 |
---------------+----------+-----
Stealth        | 3 |  3.3
Unarmed Combat | 1 |  1.1
Dodging        | |  2.1
Spellcasting   | |  2.2
Conjurations   | |  1.0
Fire Magic     | |  3.6

Action                   || total
-------------------------++-------
Melee: Unarmed           ||    78
       Constrict         ||    24
       Tentacles         ||     9
 Cast: Foxfire           ||     6
  Use: Potion            ||     1
 Stab: Sleeping          ||     1
Armor: Skin              ||     9
Dodge: Dodged            ||    69
